[Event "POL-chT 2nd League-3 2020"]
[Site "Poronin"]
[Date "2020.09.10"]
[Round "6.5"]
[White "Szolc, Grzegorz"]
[Black "Krawiec, Grzegorz"]
[Result "1-0"]
[ECO "A45"]
[WhiteElo "2036"]
[BlackElo "1824"]
[Annotator "RC"]
[PlyCount "97"]
[EventDate "2020.09.05"]
[EventType "team-tourn"]
[EventCountry "POL"]
[SourceTitle "playchess.com"]
[Source "ChessBase"]
[SourceQuality "1"]
[TimeControl "40/5400+30:900+30"]

1. d4 Nf6 2. Bf4 c5 3. d5 Qb6 4. Nc3 Qxb2 5. Bd2 Qb6 6. e4 d6 7. Rb1 Qc7 8. f4 e6 9. dxe6 Bxe6 10. Nf3 Be7 11. f5 Bd7 12. Bc4 O-O 13. O-O Bc6 14. Re1 a6 15. a4 b6 16. Bf4 Bb7 17. e5 dxe5 18. Bxe5 Qd8 19. Qxd8 Bxd8 20. Bd6 Re8 21. Ne5 Rxe5 22. Bxe5 Nbd7 23. Bd6 h6 24. Be7 Ne4 25. Nxe4 Bxe7 26. Rbd1 Ne5 27. Bd5 Bxd5 28. Rxd5 Bh4 29. Rb1 Nc4 30. g3 Bd8 31. Re1 Bc7 32. f6 Re8 33. Rdd1 Kf8 34. fxg7+ Kxg7 35. Nf2 Rxe1+ 36. Rxe1 Be5 37. Kg2 f6 38. Nd3 Bd4 39. Kf3 Na3 40. Re2 Nb1 41. Re6 c4 42. Nb4 Na3 43. Re2 b5 44. axb5 axb5 45. Nd5 Nb1 46. Nc7 Bb2 47. Nxb5 Nc3 48. Nxc3 Bxc3 49. Re4 1-0

[Event "POL-chT 2nd League-3 2020"]
[Site "Poronin"]
[Date "2020.09.10"]
[Round "6.12"]
[White "Rykala, Monika"]
[Black "Chmiel, Dominika"]
[Result "1-0"]
[ECO "E91"]
[WhiteElo "1877"]
[BlackElo "2023"]
[Annotator "RC"]
[PlyCount "97"]
[EventDate "2020.09.05"]
[EventType "team-tourn"]
[EventCountry "POL"]
[SourceTitle "playchess.com"]
[Source "ChessBase"]
[SourceQuality "1"]
[TimeControl "40/5400+30:900+30"]

1. d4 Nf6 2. c4 g6 3. Nc3 Bg7 4. e4 d6 5. Nf3 O-O 6. Be2 Nc6 7. d5 Ne5 8. Nxe5 dxe5 9. O-O Ne8 10. Kh1 f5 11. f4 exf4 12. exf5 Bxf5 13. Bxf4 e5 14. Be3 Nd6 15. Qd2 Qh4 16. Qe1 Qe7 17. Rd1 b6 18. Qd2 Rf7 19. a3 a5 20. b4 axb4 21. axb4 Nb7 22. Nb5 Ra4 23. d6 Nxd6 24. Nxd6 Qxd6 25. Qxd6 cxd6 26. Rxd6 Rxb4 27. Rxb6 Rxb6 28. Bxb6 Rd7 29. Be3 Rc7 30. c5 Bf8 31. Rc1 Be4 32. Kg1 Kg7 33. Kf2 Be7 34. Kg3 Bf8 35. Bf3 Bxf3 36. Kxf3 Kf6 37. Ke4 Ke6 38. Rc4 Rc6 39. Rb4 Bxc5 40. Rc4 Kd6 41. Bxc5+ Rxc5 42. Rxc5 Kxc5 43. Kxe5 Kc6 44. Kf6 Kd6 45. Kg7 Ke6 46. Kxh7 Kf6 47. g4 Kg5 48. h3 Kf6 49. Kh6 1-0

[Event "POL-chT 2nd League-3 2020"]
[Site "Poronin"]
[Date "2020.09.10"]
[Round "6.17"]
[White "Glatty, Zbigniew"]
[Black "Kelm, Robert"]
[Result "0-1"]
[ECO "B83"]
[WhiteElo "1857"]
[BlackElo "1613"]
[Annotator "NA RC"]
[PlyCount "120"]
[EventDate "2020.09.05"]
[EventType "team-tourn"]
[EventCountry "POL"]
[SourceTitle "playchess.com"]
[Source "ChessBase"]
[SourceQuality "1"]
[TimeControl "40/5400+30:900+30"]

1. e4 c5 2. Nf3 e6 3. d4 cxd4 4. Nxd4 Nf6 5. Nc3 d6 6. Be2 Nc6 7. O-O Be7 8. Kh1 e5 9. Nb3 Be6 10. Bf3 a5 11. a4 O-O 12. Nd5 Bxd5 13. exd5 Nb8 14. c4 Nbd7 15. Be2 Ne4 16. Bd3 Nec5 17. Be3 b6 18. f4 Nxb3 19. Qxb3 exf4 20. Bxf4 Nc5 21. Qd1 Bf6 22. Ra2 Ra7 23. b3 g6 24. Raf2 Bg7 25. Bc2 Re8 26. Re1 Be5 27. Rfe2 f6 28. Rf1 Bxf4 29. Rxf4 Rae7 30. Rff2 Re5 31. Kg1 f5 32. g3 Kg7 33. Qd2 Qe7 34. Kf1 Rxe2 35. Rxe2 Qxe2+ 36. Qxe2 Rxe2 37. Kxe2 Kf6 38. Ke3 Ke5 39. Bd1 Nd7 40. Be2 Nc5 41. Bd1 g5 42. Bc2 Nb7 43. Bb1 Nd8 44. Bc2 h6 45. Bd1 g4 46. Bc2 Nf7 47. Bd3 Ng5 48. Be2 Nh3 49. Bf1 f4+ 50. Kd3 fxg3 51. hxg3 Nf2+ 52. Ke3 Nh1 53. Be2 h5 54. Kd3 Nxg3 55. Bd1 Ne4 56. Ke3 Nf6 57. Be2 h4 58. Kd3 h3 59. Bf1 Nh5 60. Ke3 Ng3 0-1

[Event "POL-chT 2nd League-3 2020"]
[Site "Poronin"]
[Date "2020.09.10"]
[Round "6.23"]
[White "Szydelko, Michal"]
[Black "Reichel, Lukasz"]
[Result "1-0"]
[ECO "B50"]
[WhiteElo "1877"]
[BlackElo "1755"]
[Annotator "NA RC"]
[PlyCount "43"]
[EventDate "2020.09.05"]
[EventType "team-tourn"]
[EventCountry "POL"]
[SourceTitle "playchess.com"]
[Source "ChessBase"]
[SourceQuality "1"]
[TimeControl "40/5400+30:900+30"]

1. e4 c5 2. Nf3 d6 3. c3 Nf6 4. Bd3 g6 5. h3 Bg7 6. O-O O-O 7. Bc2 Nc6 8. d4 cxd4 9. cxd4 d5 10. e5 Ne4 11. Nc3 Nxc3 12. bxc3 f6 13. exf6 Bxf6 14. Bh6 Re8 15. Re1 e5 16. dxe5 Nxe5 17. Bb3 Kh8 18. Bxd5 Qc7 19. Ng5 Bg7 20. Nf7+ Qxf7 21. Bxf7 Re7 22. Qd8+ 1-0

[Event "POL-chT 2nd League-3 2020"]
[Site "Poronin"]
[Date "2020.09.11"]
[Round "7.11"]
[White "Kelm, Robert"]
[Black "Szydelko, Michal"]
[Result "1-0"]
[ECO "A14"]
[WhiteElo "1613"]
[BlackElo "1877"]
[Annotator "NA RC"]
[PlyCount "143"]
[EventDate "2020.09.05"]
[EventType "team-tourn"]
[EventCountry "POL"]
[SourceTitle "playchess.com"]
[Source "ChessBase"]
[SourceQuality "1"]
[WhiteTeam "RPW Okucia Budowlane LODZ"]
[BlackTeam "UKS GIECEK Radkow"]
[TimeControl "40/5400+30:900+30"]

1. Nf3 Nf6 2. c4 e6 3. g3 d5 4. Bg2 Be7 5. O-O O-O 6. d4 dxc4 7. Qc2 c5 8. Qxc4 Nbd7 9. Nc3 Nb6 10. Qd3 Nbd5 11. a3 cxd4 12. Qxd4 Nxc3 13. Qxc3 Nd5 14. Qb3 Qb6 15. Qxb6 Nxb6 16. Be3 Nc4 17. Bd4 Bd7 18. Ne5 Nxe5 19. Bxe5 Bc6 20. Bxc6 bxc6 21. Rac1 c5 22. Rfd1 Rad8 23. Kf1 Rd5 24. Bc3 Rb8 25. e4 Rdd8 26. Ke2 Rxd1 27. Rxd1 Rb7 28. Kd3 Rd7+ 29. Kc2 Rb7 30. Rd2 f6 31. Kd3 Kf8 32. Kc4 Ke8 33. Rd3 Rb8 34. b3 Rb7 35. Bd2 a6 36. Be3 Rc7 37. f4 g6 38. g4 Rc8 39. Bf2 Rc7 40. h3 Rc8 41. h4 Rc6 42. h5 gxh5 43. gxh5 Bd6 44. f5 Ke7 45. Bg3 Bc7 46. Bxc7 Rxc7 47. Rg3 Kd6 48. h6 exf5 49. exf5 Ke5 50. Rg7 Rc8 51. Rxh7 Kxf5 52. Rg7 Re8 53. h7 Re4+ 54. Kxc5 Rh4 55. b4 Ke6 56. a4 f5 57. b5 axb5 58. axb5 Kf6 59. Ra7 f4 60. b6 f3 61. Ra3 Rxh7 62. Rxf3+ Ke6 63. Kc6 Rh2 64. Re3+ Kf7 65. b7 Rc2+ 66. Kd7 Rb2 67. Kc8 Rc2+ 68. Kb8 Rc4 69. Re5 Kf6 70. Ra5 Ke7 71. Ka7 Rc7 72. Ka8 1-0

[Event "POL-chT 2nd League-3 2020"]
[Site "Poronin"]
[Date "2020.09.11"]
[Round "7.19"]
[White "Miroslaw, Michal"]
[Black "Niekras, Dawid"]
[Result "1/2-1/2"]
[ECO "B53"]
[WhiteElo "2287"]
[BlackElo "2329"]
[Annotator "RC"]
[PlyCount "20"]
[EventDate "2020.09.05"]
[EventType "team-tourn"]
[EventCountry "POL"]
[SourceTitle "playchess.com"]
[Source "ChessBase"]
[SourceQuality "1"]
[WhiteTeam "LKSz Lublin"]
[BlackTeam "ASSz Lipno Steszew"]
[WhiteTeamCountry "POL"]
[TimeControl "40/5400+30:900+30"]

1. e4 c5 2. Nf3 d6 3. d4 cxd4 4. Qxd4 Nc6 5. Bb5 Bd7 6. Bxc6 Bxc6 7. c4 f5 8. Nc3 e5 9. Qe3 fxe4 10. Ng5 Nf6 1/2-1/2

[Event "POL-chT 2nd League-3 2020"]
[Site "Poronin"]
[Date "2020.09.12"]
[Round "8.3"]
[White "Bardeli, Lukasz"]
[Black "Gola, Karol"]
[Result "1/2-1/2"]
[ECO "A12"]
[WhiteElo "2189"]
[BlackElo "2192"]
[Annotator "ChessBase"]
[PlyCount "73"]
[EventDate "2020.09.05"]
[EventType "team-tourn"]
[EventCountry "POL"]
[SourceTitle "playchess.com"]
[Source "ChessBase"]
[SourceQuality "1"]
[WhiteTeam "LKS Chrobry Gniezno"]
[BlackTeam "KS AZS Politechniki Sl. Gliwice"]
[WhiteTeamCountry "POL"]
[TimeControl "40/5400+30:900+30"]

1. Nf3 d5 2. c4 c6 3. b3 Bg4 4. Bb2 Nd7 5. g3 Ngf6 6. Bg2 e6 7. O-O Bd6 8. d4 O-O 9. Nbd2 Qe7 10. a3 Rfe8 11. Ne5 Bf5 12. Ndf3 h6 13. Nxd7 Nxd7 14. Nd2 Nf6 15. Re1 Rad8 16. e4 dxe4 17. Nxe4 Nxe4 18. Bxe4 Bxe4 19. Rxe4 f5 20. Re3 c5 21. d5 e5 22. Qh5 Qf7 23. Qxf7+ Kxf7 24. Rae1 e4 25. f3 Be5 26. Bxe5 Rxe5 27. fxe4 Rde8 28. Kf2 fxe4 29. Ke2 Ke7 30. Rf1 a6 31. Rf4 Kd6 32. g4 h5 33. Rh3 b5 34. gxh5 bxc4 35. bxc4 Rb8 36. h6 Rb2+ 37. Ke1 1/2-1/2

[Event "POL-chT 2nd League-3 2020"]
[Site "Poronin"]
[Date "2020.09.12"]
[Round "8.4"]
[White "Flasinski, Michal"]
[Black "Zurawski, Kamil"]
[Result "1-0"]
[ECO "D70"]
[WhiteElo "2205"]
[BlackElo "1695"]
[Annotator "ChessBase"]
[PlyCount "67"]
[EventDate "2020.09.05"]
[EventType "team-tourn"]
[EventCountry "POL"]
[SourceTitle "playchess.com"]
[Source "ChessBase"]
[SourceQuality "1"]
[WhiteTeam "KS AZS Politechniki Sl. Gliwice"]
[BlackTeam "LKS Chrobry Gniezno"]
[BlackTeamCountry "POL"]
[TimeControl "40/5400+30:900+30"]

1. d4 Nf6 2. c4 g6 3. Nf3 Bg7 4. g3 d5 5. cxd5 Nxd5 6. Bg2 Nb6 7. Nc3 Nc6 8. e3 O-O 9. O-O Re8 10. h3 a5 11. Qe2 Be6 12. Rd1 Bc4 13. Qc2 e5 14. Nxe5 Nxe5 15. dxe5 Qc8 16. f4 Be6 17. Kh2 c6 18. Ne4 Bf5 19. Qb3 Bxe4 20. Bxe4 Qc7 21. Bd2 Nd7 22. Bg2 Nc5 23. Qc4 Qb6 24. Bc3 Ne6 25. Rd3 Bf8 26. Rad1 h6 27. h4 Be7 28. Bh3 Nc7 29. e6 f6 30. Qe4 Kh7 31. h5 Rg8 32. Rd7 Rae8 33. hxg6+ Kg7 34. Bxf6+ 1-0

[Event "POL-chT 2nd League-3 2020"]
[Site "Poronin"]
[Date "2020.09.12"]
[Round "8.5"]
[White "Wojdak, Jan"]
[Black "Szolc, Grzegorz"]
[Result "1-0"]
[ECO "B06"]
[WhiteElo "1814"]
[BlackElo "2036"]
[Annotator "ChessBase"]
[PlyCount "129"]
[EventDate "2020.09.05"]
[EventType "team-tourn"]
[EventCountry "POL"]
[SourceTitle "playchess.com"]
[Source "ChessBase"]
[SourceQuality "1"]
[WhiteTeam "LKS Chrobry Gniezno"]
[BlackTeam "KS AZS Politechniki Sl. Gliwice"]
[WhiteTeamCountry "POL"]
[TimeControl "40/5400+30:900+30"]

1. e4 g6 2. d4 Bg7 3. c4 Nc6 4. d5 Nd4 5. Be3 e5 6. Nc3 c5 7. Bd3 d6 8. Nge2 Ne7 9. O-O O-O 10. f4 Bg4 11. Qe1 Bxe2 12. Nxe2 f5 13. Ng3 Qd7 14. b4 b6 15. Rc1 Rae8 16. Bxd4 cxd4 17. fxe5 dxe5 18. c5 Bh6 19. d6 Bxc1 20. Qxc1 f4 21. dxe7 Qxe7 22. Ne2 Rc8 23. c6 Qxb4 24. Qc4+ Qxc4 25. Bxc4+ Kg7 26. Bd5 g5 27. Nc1 Kf6 28. Nd3 h5 29. g3 h4 30. g4 Rh8 31. h3 Rh7 32. Rc1 Rhc7 33. Kf2 a6 34. Nb4 a5 35. Nd3 Rb8 36. Rb1 b5 37. Nc5 Rb6 38. Rc1 Ke7 39. Ne6 Rbxc6 40. Rxc6 Rxc6 41. Bxc6 Kxe6 42. Bxb5 Kd6 43. a3 d3 44. Bxd3 Kc5 45. Ke2 Kd4 46. Kd2 f3 47. Bc2 f2 48. Ke2 Kc3 49. Bd1 Kd4 50. Kxf2 Kxe4 51. Bc2+ Kf4 52. Bd3 e4 53. Bf1 e3+ 54. Ke2 Ke4 55. Bg2+ Kf4 56. Bf3 Kg3 57. Kxe3 Kxh3 58. Kf2 Kh2 59. Bg2 a4 60. Bc6 Kh3 61. Bd7 Kh2 62. Bxa4 h3 63. Bb5 Kh1 64. Bf1 Kh2 65. a4 1-0

[Event "POL-chT 2nd League-3 2020"]
[Site "Poronin"]
[Date "2020.09.12"]
[Round "8.6"]
[White "Mazur, Anna"]
[Black "Szelag, Zuzanna"]
[Result "0-1"]
[ECO "B90"]
[WhiteElo "1731"]
[BlackElo "1841"]
[Annotator "NA"]
[PlyCount "62"]
[EventDate "2020.09.05"]
[EventType "team-tourn"]
[EventCountry "POL"]
[SourceTitle "playchess.com"]
[Source "ChessBase"]
[SourceQuality "1"]
[WhiteTeam "KS AZS Politechniki Sl. Gliwice"]
[BlackTeam "LKS Chrobry Gniezno"]
[BlackTeamCountry "POL"]
[TimeControl "40/5400+30:900+30"]

1. e4 c5 2. Nf3 d6 3. d4 cxd4 4. Nxd4 Nf6 5. Nc3 a6 6. h3 e6 7. g4 Be7 8. Bg2 Nfd7 9. O-O Nc6 10. Nde2 b5 11. a3 Bb7 12. Ng3 Rc8 13. f4 O-O 14. g5 Na5 15. Kh1 Nc4 16. h4 f6 17. Qg4 e5 18. f5 Re8 19. Nh5 Bf8 20. g6 Kh8 21. Nxg7 Bxg7 22. Rf3 Qe7 23. gxh7 Qf8 24. Qg6 d5 25. Rg3 d4 26. h5 dxc3 27. h6 Re7 28. b3 Nd2 29. hxg7+ Rxg7 30. Qxg7+ Qxg7 31. Rxg7 Kxg7 0-1

[Event "POL-chT 2nd League-3 2020"]
[Site "Poronin"]
[Date "2020.09.12"]
[Round "8.11"]
[White "Rykala, Monika"]
[Black "Guzik, Jolanta"]
[Result "1/2-1/2"]
[ECO "D45"]
[WhiteElo "1877"]
[BlackElo "2003"]
[Annotator "NA"]
[PlyCount "23"]
[EventDate "2020.09.05"]
[EventType "team-tourn"]
[EventCountry "POL"]
[SourceTitle "playchess.com"]
[Source "ChessBase"]
[SourceQuality "1"]
[WhiteTeam "MTSz Minsk Mazowiecki"]
[BlackTeam "MCKIS Jaworzno"]
[BlackTeamCountry "POL"]
[TimeControl "40/5400+30:900+30"]

1. d4 d5 2. c4 e6 3. Nc3 c6 4. e3 Nf6 5. Nf3 Nbd7 6. cxd5 exd5 7. Bd3 Bd6 8. O-O O-O 9. Qc2 h6 10. b3 Re8 11. Bb2 Qe7 12. Na4 1/2-1/2

[Event "POL-chT 2nd League-3 2020"]
[Site "Poronin"]
[Date "2020.09.12"]
[Round "8.17"]
[White "Maka, Marcin"]
[Black "Kurpiewski, Slawomir"]
[Result "1/2-1/2"]
[ECO "C77"]
[WhiteElo "2124"]
[BlackElo "1943"]
[Annotator "ChessBase"]
[PlyCount "26"]
[EventDate "2020.09.05"]
[EventType "team-tourn"]
[EventCountry "POL"]
[SourceTitle "playchess.com"]
[Source "ChessBase"]
[SourceQuality "1"]
[WhiteTeam "LKSz Lublin"]
[BlackTeam "KSz Skoczek Siedlce"]
[WhiteTeamCountry "POL"]
[BlackTeamCountry "POL"]
[TimeControl "40/5400+30:900+30"]

1. e4 e5 2. Nf3 Nc6 3. Bb5 a6 4. Ba4 Nf6 5. d3 d6 6. c3 g6 7. Nbd2 Bg7 8. Nf1 O-O 9. Ng3 b5 10. Bc2 d5 11. a4 dxe4 12. dxe4 Qxd1+ 13. Bxd1 Bb7 1/2-1/2

[Event "POL-chT 2nd League-3 2020"]
[Site "Poronin"]
[Date "2020.09.12"]
[Round "8.20"]
[White "Samborski, Henryk"]
[Black "Wieczorek, Zbigniew"]
[Result "1/2-1/2"]
[ECO "B06"]
[WhiteElo "2069"]
[BlackElo "2208"]
[Annotator "ChessBase"]
[PlyCount "62"]
[EventDate "2020.09.05"]
[EventType "team-tourn"]
[EventCountry "POL"]
[SourceTitle "playchess.com"]
[Source "ChessBase"]
[SourceQuality "1"]
[WhiteTeam "UKS Ognisko Rydultowy"]
[BlackTeam "KS SILESIA II Raciborz"]
[WhiteTeamCountry "POL"]
[BlackTeamCountry "POL"]
[TimeControl "40/5400+30:900+30"]

1. e4 g6 2. d4 Bg7 3. Nf3 c6 4. Bd3 d5 5. Nbd2 Bg4 6. c3 dxe4 7. Nxe4 Nf6 8. h3 Bxf3 9. Nxf6+ Bxf6 10. Qxf3 Qa5 11. O-O O-O 12. Re1 Nd7 13. Bh6 Rfe8 14. Bc4 Qf5 15. Qxf5 gxf5 16. Re3 e6 17. g4 fxg4 18. hxg4 Bg7 19. Bg5 h6 20. Bh4 Nb6 21. Bb3 a5 22. a3 a4 23. Ba2 Nd5 24. Re4 f5 25. gxf5 exf5 26. Rf4 Re4 27. Rxe4 fxe4 28. Re1 Re8 29. Bb1 e3 30. fxe3 Rxe3 31. Kf2 Rxe1 1/2-1/2

[Event "POL-chT 2nd League-3 2020"]
[Site "Poronin"]
[Date "2020.09.12"]
[Round "8.21"]
[White "Jaworski, Miroslaw"]
[Black "Lamza, Zenon"]
[Result "1/2-1/2"]
[ECO "E76"]
[WhiteElo "2196"]
[BlackElo "2220"]
[Annotator "ChessBase"]
[PlyCount "39"]
[EventDate "2020.09.05"]
[EventType "team-tourn"]
[EventCountry "POL"]
[SourceTitle "playchess.com"]
[Source "ChessBase"]
[SourceQuality "1"]
[WhiteTeam "KS SILESIA II Raciborz"]
[BlackTeam "UKS Ognisko Rydultowy"]
[WhiteTeamCountry "POL"]
[BlackTeamCountry "POL"]
[TimeControl "40/5400+30:900+30"]

1. d4 Nf6 2. c4 g6 3. Nc3 Bg7 4. e4 d6 5. f4 O-O 6. Nf3 c5 7. dxc5 Qa5 8. Bd3 Qxc5 9. Qe2 Nc6 10. Be3 Qh5 11. O-O Ng4 12. Bc1 Bd4+ 13. Kh1 Nb4 14. Nd1 Nxd3 15. Qxd3 Bb6 16. Ne3 Be6 17. Nxg4 Qxg4 18. Ng5 Rac8 19. b3 Bd7 20. h3 1/2-1/2

[Event "POL-chT 2nd League-3 2020"]
[Site "Poronin"]
[Date "2020.09.12"]
[Round "8.22"]
[White "Radecki, Adam"]
[Black "Helis, Tadeusz"]
[Result "1/2-1/2"]
[ECO "B30"]
[WhiteElo "2002"]
[BlackElo "2157"]
[Annotator "ChessBase"]
[PlyCount "136"]
[EventDate "2020.09.05"]
[EventType "team-tourn"]
[EventCountry "POL"]
[SourceTitle "playchess.com"]
[Source "ChessBase"]
[SourceQuality "1"]
[WhiteTeam "UKS Ognisko Rydultowy"]
[BlackTeam "KS SILESIA II Raciborz"]
[WhiteTeamCountry "POL"]
[BlackTeamCountry "POL"]
[TimeControl "40/5400+30:900+30"]

1. e4 c5 2. Nf3 Nc6 3. d3 g6 4. g3 Bg7 5. Bg2 d6 6. O-O Nf6 7. Nc3 O-O 8. Ne2 d5 9. exd5 Nxd5 10. d4 cxd4 11. Nexd4 Nxd4 12. Nxd4 Nb6 13. c3 Rb8 14. Qe2 e5 15. Nb3 Be6 16. Rd1 Qc8 17. Be3 Re8 18. Nc5 Bc4 19. Qe1 f5 20. Nd3 Bf7 21. Bxb6 axb6 22. Nb4 e4 23. Bf1 Qc5 24. Qe3 Red8 25. Be2 Bf8 26. Nc2 Rxd1+ 27. Bxd1 Rd8 28. Nd4 Bg7 29. Nb3 Qxe3 30. fxe3 Bh6 31. Kf2 Rd3 32. Bc2 Rxe3 33. Nd4 f4 34. gxf4 Bxf4 35. Ne2 Bh6 36. Ng3 Bd5 37. Rd1 Bc6 38. Bb3+ Kg7 39. Bd5 Bxd5 40. Rxd5 Rd3 41. Re5 Rd2+ 42. Ne2 e3+ 43. Kf3 Rxb2 44. Re7+ Kg8 45. Rxb7 Bf8 46. Kxe3 Bc5+ 47. Kf3 Rxa2 48. h3 Rd2 49. Nf4 Rd6 50. Ke4 g5 51. Nh5 Rh6 52. Ng3 Rxh3 53. Nf5 Rxc3 54. Rg7+ Kf8 55. Rxh7 g4 56. Rg7 Rc4+ 57. Kd5 Rf4 58. Rg5 Ba3 59. Nh6 b5 60. Rxg4 Rf3 61. Ke4 Rf6 62. Rg8+ Ke7 63. Nf5+ Kd7 64. Nd4 b4 65. Nc2 Bc1 66. Rb8 Bd2 67. Nxb4 Rf4+ 68. Ke5 Rxb4 1/2-1/2

[Event "POL-chT 2nd League-3 2020"]
[Site "Poronin"]
[Date "2020.09.12"]
[Round "8.23"]
[White "Sochacki, Zenon"]
[Black "Panek, Bartosz"]
[Result "0-1"]
[ECO "A52"]
[WhiteElo "1885"]
[BlackElo "1979"]
[Annotator "NA"]
[PlyCount "54"]
[EventDate "2020.09.05"]
[EventType "team-tourn"]
[EventCountry "POL"]
[SourceTitle "playchess.com"]
[Source "ChessBase"]
[SourceQuality "1"]
[WhiteTeam "KS SILESIA II Raciborz"]
[BlackTeam "UKS Ognisko Rydultowy"]
[WhiteTeamCountry "POL"]
[BlackTeamCountry "POL"]
[TimeControl "40/5400+30:900+30"]

1. d4 Nf6 2. c4 e5 3. dxe5 Ng4 4. Bf4 g5 5. Bg3 Nc6 6. Nf3 Bg7 7. Nc3 Ngxe5 8. Nxe5 Nxe5 9. e3 d6 10. h4 g4 11. h5 h6 12. Qc2 Be6 13. Bh4 Bf6 14. Bxf6 Qxf6 15. Ne4 Qg7 16. Ng3 O-O 17. Be2 f5 18. O-O f4 19. exf4 Rxf4 20. b3 Raf8 21. Rad1 Qg5 22. Bd3 Bf7 23. Be4 Bxh5 24. Bxb7 Bg6 25. Qe2 h5 26. Ne4 Bxe4 27. Bxe4 Rxe4 0-1

[Event "POL-chT 2nd League-3 2020"]
[Site "Poronin"]
[Date "2020.09.12"]
[Round "8.24"]
[White "Stebel, Agata"]
[Black "Suchanek, Paulina"]
[Result "1-0"]
[ECO "C00"]
[WhiteElo "1871"]
[BlackElo "1555"]
[Annotator "NA"]
[PlyCount "59"]
[EventDate "2020.09.05"]
[EventType "team-tourn"]
[EventCountry "POL"]
[SourceTitle "playchess.com"]
[Source "ChessBase"]
[SourceQuality "1"]
[WhiteTeam "UKS Ognisko Rydultowy"]
[BlackTeam "KS SILESIA II Raciborz"]
[WhiteTeamCountry "POL"]
[BlackTeamCountry "POL"]
[TimeControl "40/5400+30:900+30"]

1. e4 e6 2. d3 d5 3. Nd2 Nd7 4. Ngf3 dxe4 5. dxe4 Ngf6 6. e5 Ng4 7. Qe2 Be7 8. h3 Nh6 9. g4 b6 10. Ne4 Bb7 11. Bxh6 gxh6 12. O-O-O Qc8 13. Qe3 a5 14. Bb5 c6 15. Bc4 c5 16. Nd6+ Bxd6 17. Rxd6 Bxf3 18. Qxf3 Nxe5 19. Qf6 Nxc4 20. Qxh8+ Ke7 21. Qxc8 Rxc8 22. Rd3 Rg8 23. f4 Nd6 24. Rhd1 Ne4 25. Rd7+ Kf6 26. Re1 Nf2 27. Re3 h5 28. g5+ Kg6 29. Rd2 Nh1 30. Rh2 1-0

[Event "POL-chT 2nd League-3 2020"]
[Site "Poronin"]
[Date "2020.09.13"]
[Round "9.5"]
[White "Panek, Bartosz"]
[Black "Gosciniak, Tomasz"]
[Result "0-1"]
[ECO "C10"]
[WhiteElo "1979"]
[BlackElo "1928"]
[Annotator "NA RC"]
[PlyCount "76"]
[EventDate "2020.09.05"]
[EventType "team-tourn"]
[EventCountry "POL"]
[SourceTitle "playchess.com"]
[Source "ChessBase"]
[SourceQuality "1"]
[WhiteTeam "UKS Ognisko Rydultowy"]
[BlackTeam "GKSz Solny Grzybowo"]
[WhiteTeamCountry "POL"]
[BlackTeamCountry "POL"]
[TimeControl "40/5400+30:900+30"]

1. e4 e6 2. d4 d5 3. Nc3 c6 4. e5 b6 5. f4 Ba6 {[%emt 0:00:19] [#]} 6. Bxa6 $146 {[%emt 0:03:29] B15: Caro-Kann: 3 Nc3: 3...g6 and 3...dxe4 4 Nxe4 Nf6 5 Nxf6+ exf6.} ({Predecessor:} 6. Nce2 Ne7 7. Nf3 Nf5 8. g3 c5 9. Bh3 Bxe2 10. Kxe2 Nxd4+ 11. Nxd4 cxd4 12. Qxd4 {0-1 (27) Acosta,D (1780)-Galant,S (2180) Broken Arrow 2004}) 6... Nxa6 7. Qe2 Qc8 8. Nf3 Ne7 9. O-O h5 10. Nh4 g6 11. b3 Nf5 12. Nxf5 exf5 13. Nxd5 cxd5 14. Qb5+ Ke7 15. Qxd5 Nc7 16. Qf3 Qd7 17. Bb2 Qd5 18. Qg3 b5 19. c4 $1 Qb7 20. d5 Ke8 21. Rad1 Bc5+ 22. Kh1 Rg8 23. Rfe1 Rd8 24. Bc3 b4 25. Bb2 $11 Kd7 26. e6+ fxe6 27. Bf6 Rde8 28. dxe6+ Kc8 29. e7 Qc6 30. Qh4 Ne6 31. Rd5 g5 32. fxg5 Bxe7 33. Bxe7 Rxe7 34. Qf2 Rxg5 35. Ree5 Rd7 36. Qe3 Rxd5 37. cxd5 Qc2 38. Qf3 Qc1+ 0-1